 Dungeon Crawl Stone Soup version 0.31-a0-267-g3fc6992b3b (webtiles) character file.

Game seed: 13260961630651728288

295 qw the Shooter (level 6, -1/52 HPs)
             Began as a Minotaur Hexslinger on July 14, 2023.
             Slain by a hobgoblin (5 damage)
             ... led by Robin
             ... on level 3 of the Dungeon.
             The game lasted 00:00:46 (2272 turns).

qw the Shooter (Minotaur Hexslinger)                Turns: 2272, Time: 00:00:46

Health: -1/52      AC:  2    Str: 13    XL:     6   Next: 11%
Magic:  6/6        EV: 12    Int: 10    God:
Gold:   52         SH:  0    Dex: 14    Spells: 6/7 levels left

rFire   . . .        Y - +1 sling (freeze)
rCold   . . .        (no shield)
rNeg    . . .        c - +0 robe
rPois   .            (helmet restricted)
rElec   .            (no cloak)
rCorr   .            (no gloves)
SInv    .            (no boots)
Will    .....        (no amulet)
Stlth   +            (no ring)
HPRegen 0.28/turn    (no ring)
MPRegen 0.10/turn

%: no passive effects
@: no status effects
A: horns 2, retaliatory headbutt
a: no special abilities


You were on level 3 of the Dungeon.
You visited 1 branch of the dungeon, and saw 3 of its levels.

You collected 52 gold pieces.


Innate Abilities, Weirdness & Mutations

You have a pair of horns on your head.
You reflexively headbutt those who attack you in melee.


   Skills:
 + Level 3.7 Fighting
 - Level 6.2 Ranged Weapons
 - Level 2.1 Dodging
 - Level 1.0 Spellcasting
 - Level 2.0 Hexes


You had 6 spell levels left.
You knew the following spells:

 Your Spells              Type           Power      Damage    Failure   Level
a - Slow                  Hex            16%        N/A       16%         1

Your spell library contained the following spells:

 Spells                   Type           Power      Damage    Failure   Level
 Inner Flame              Hex/Fire       2%         N/A       56%         3
 Portal Projectile        Hex/Tloc       4%         N/A       56%         3
 Cause Fear               Hex            2%         N/A       83%         4

Inventory:

Hand Weapons
 Y - a +1 sling of freezing (weapon)
Armour
 c - a +0 robe (worn)
Scrolls
 a - a scroll of identify
Potions
 b - a potion of mutation {unknown}
 d - a potion of invisibility {unknown}
 e - 2 potions of heal wounds {unknown}
 g - a potion of experience {unknown}
 h - a potion of curing {unknown}

Dungeon Overview and Level Annotations

Branches:
Dungeon (3/15)

Altars:


Message History

You shoot a sling bullet.
The sling bullet barely misses the goblin.
The hobgoblin misses you. The goblin closely misses you.
You shoot a sling bullet. The sling bullet hits Robin!
The sling bullet freezes Robin.
You kill Robin!
The goblin hits you with a +0 club.
You shoot a sling bullet.
The sling bullet closely misses the goblin.
The hobgoblin hits you but does no damage.
The goblin closely misses you. You furiously retaliate!
You headbutt the goblin!
You kill the goblin!
The hobgoblin misses you.
The hobgoblin hits you but does no damage.
The hobgoblin barely misses you.
You shoot a sling bullet.
The sling bullet barely misses the goblin.
The hobgoblin hits you. The goblin hits you with a +0 dagger.
The hobgoblin misses you. You furiously retaliate!
You headbutt the hobgoblin!
You kill the hobgoblin!
You shoot a sling bullet. The sling bullet hits the goblin.
The sling bullet freezes the goblin.
You kill the goblin!
The hobgoblin hits you.
You shoot a sling bullet.
The sling bullet barely misses the goblin.
The goblin barely misses you. The hobgoblin hits you.
You shoot a sling bullet. The sling bullet misses the goblin.
The goblin barely misses you. The hobgoblin hits you.
You shoot a sling bullet.
The sling bullet hits the goblin but does no damage.
The goblin hits you with a +0 club. The hobgoblin hits you.
You shoot a sling bullet. The sling bullet hits the goblin.
The sling bullet freezes the goblin.
You kill the goblin!
The hobgoblin barely misses you.
You shoot a sling bullet.
The sling bullet barely misses the hobgoblin.
The hobgoblin hits you.
You die...

.................
#.#####.........<.....
.##..^. #............##.
....... #..........#....
.......####........#####
.......#......:.[..#
#......#.#.........#
#.....g#.#.#########
#.....)@)#.#
#.....)###.# ####### #.#
#.. ###


You could see a hobgoblin (strong).

Vanquished Creatures
  Sigmund (D:2)
  Jessica (D:2)
  Robin (D:3)
  A gnoll (D:1)
  3 adders
  2 worms
  A dart slug (D:1)
  5 ball pythons
  5 bats
  2 endoplasms
  A giant cockroach (D:1)
  5 hobgoblins
  5 jackals
  A kobold (D:1)
  3 quokkas
  A frilled lizard (D:1)
  11 goblins
  6 rats
55 creatures vanquished.

Notes
Turn   | Place    | Note
-------+----------+-------------------------------------------
     0 | D:1      | qw the Minotaur Hexslinger began the quest for the Orb.
     0 | D:1      | Reached XP level 1. HP: 16/16 MP: 1/1
     0 | D:1      | 0 ||| qw: Version: 0.3-a-52-g30416fa
     0 | D:1      | 0 ||| qw: Game counter: 7907
     0 | D:1      | 0 ||| qw: Melee chars always use a shield: true
     0 | D:1      | 0 ||| qw: God list: Okawaru
     0 | D:1      | 0 ||| qw: Allow faded altars: false
     0 | D:1      | 0 ||| qw: Do Orc after clearing Dungeon:15 true
     0 | D:1      | 0 ||| qw: Do second Lair branch before Depths: true
     0 | D:1      | 0 ||| qw: Lair rune preference: random
     0 | D:1      | 0 ||| qw: Goals: Normal
     0 | D:1      | 0 ||| PLANNING D:1-11
   218 | D:1      | Reached skill level 3 in Ranged Weapons
   222 | D:1      | Reached XP level 2. HP: 23/23 MP: 2/2
   483 | D:1      | Reached XP level 3. HP: 9/29 MP: 3/3
  1031 | D:1      | 1031 ||| READING 2 scrolls labelled FOYNTUH BEON.
  1032 | D:1      | 1032 ||| READING scroll labelled VINLIN RYDYEM.
  1033 | D:1      | 1033 ||| READING scroll labelled ZOUCIL WERIF.
  1034 | D:1      | 1034 ||| READING scroll labelled ISEN CIMUWK.
  1035 | D:1      | 1035 ||| DROPPING scroll of poison.
  1068 | D:2      | Noticed Sigmund
  1071 | D:2      | 1071 ||| STAIRDANCE
  1081 | D:2      | 1081 ||| STAIRDANCE
  1130 | D:2      | 1130 ||| STAIRDANCE
  1137 | D:1      | HP: 1/29 [worm (8)]
  1257 | D:2      | 1257 ||| STAIRDANCE
  1322 | D:2      | 1322 ||| STAIRDANCE
  1371 | D:2      | 1371 ||| STAIRDANCE
  1374 | D:1      | HP: 7/29 [poisoned by an adder]
  1378 | D:1      | Reached skill level 4 in Ranged Weapons
  1478 | D:2      | 1478 ||| STAIRDANCE
  1489 | D:2      | Killed Sigmund
  1490 | D:2      | Reached skill level 6 in Ranged Weapons
  1490 | D:2      | Reached XP level 4. HP: 36/36 MP: 4/4
  1490 | D:2      | Reached XP level 5. HP: 41/41 MP: 5/5
  1702 | D:2      | Noticed Jessica
  1710 | D:2      | Killed Jessica
  1736 | D:2      | 1736 ||| DROPPING ring of wizardry.
  1737 | D:2      | 1737 ||| READING scroll labelled MAD DIUT SEPLA.
  1738 | D:2      | 1738 ||| READING scroll labelled ULADOH WAUFEL.
  1742 | D:2      | 1742 ||| STAIRDANCE
  1838 | D:2      | Reached skill level 3 in Fighting
  1840 | D:2      | 1840 ||| STAIRDANCE
  2162 | D:3      | Reached XP level 6. HP: 51/51 MP: 6/6
  2252 | D:3      | Noticed Robin
  2264 | D:3      | Killed Robin
  2267 | D:3      | HP: 12/52 [hobgoblin[Robin] (6)]
  2270 | D:3      | HP: 4/52 [hobgoblin[Robin] (4)]
  2272 | D:3      | Slain by a hobgoblin

Levels and vault maps discovered:
D:1:      lemuel_arrival_cross, layout_loops_corners
D:2:      layout_basic, hangedman_decor_opposing, uniq_jessica, uniq_sigmund
D:3:      layout_basic, mainiacjoe_overflow_small_starburst, uniq_natasha,
          uniq_robin

Skill      XL: |  1  2  3  4  5 |
---------------+----------------+-----
Ranged Weapons | 3 6 |  6.2
Fighting       | 2 3 |  3.7
Dodging        | |  2.1
Spellcasting   | |  1.0
Hexes          | |  2.0

Action                     |  1- 3 |  4- 6 || total
---------------------------+-------+-------++-------
   Fire: Sling             |    94 |    73 ||   167
    Use: Scroll            |     4 |     2 ||     6
 Armour: Robe              |     1 |    10 ||    11
  Dodge: Dodged            |    40 |    36 ||    76

Table legend:
 A = Non-vault XP
 B = Vault XP
 C = Vault XP percentage of total XP
 D = Non-vault monster count
 E = Vault monster count
 F = Vault count percentage of total count
                 A         B        C        D         E       F
            +---------+---------+-------+---------+---------+-------
      Total |     127 |     295 |  69.9 |      42 |      13 |  23.6
            +---------+---------+-------+---------+---------+-------
        D:1 |      86 |       0 |   0.0 |      27 |       0 |   0.0
        D:2 |      32 |     260 |  89.0 |      12 |       2 |  14.3
        D:3 |       9 |      35 |  79.5 |       3 |      11 |  78.6
            +---------+---------+-------+---------+---------+-------
